 Dungeon Crawl Stone Soup version 0.30-a0-462-gd5975efbca (webtiles) character file.

Game seed: 9902784655411383758

3068 ytrimaz the Thaumaturge (level 10, -8/60 HPs)
             Began as a Djinni Fire Elementalist on Dec 16, 2022.
             Was an Initiate of Ashenzari.
             Mangled by an orc warrior
             ... wielding a +0 trident
              (15 damage)
             ... on level 8 of the Dungeon.
             The game lasted 00:10:07 (7528 turns).

ytrimaz the Thaumaturge (Djinni Fire Elementalist)  Turns: 7528, Time: 00:10:07

Health: -8/60      AC:  4    Str:  7    XL:     10   Next: 12%
Gold:   475        EV: 12    Int: 27    God:    Ashenzari [......] SH:  0 Dex: 14

rFire   + + .      SeeInvis .    u - +7 spear "Ditile" {drain, rC++}
rCold   + . .      Faith    .    (no shield)
rNeg    . . .      Spirit   .    a - +0 robe
rPois   ∞          Reflect  .    (no helmet)
rElec   .          Harm     .    (no cloak)
rCorr   .          Rampage  .    x - +1 pair of gloves
Will    +....                    (boots unavailable)
Stlth   ++........               y - amulet of regeneration
HPRegen 1.10/turn                d - ring of the Tethered Sybil {Int+6, Evo, Self} (curse)
MPRegen 0.00/turn                (no ring)

@: liquefying, flying, slowed movement, very slow
A: sickness immunity, fire resistance 2, cold vulnerability 1, float, innate
caster, HP casting, extra vitality 1
a: Renounce Religion, Curse Item, Shatter the Chains


You were on level 8 of the Dungeon.
You worshipped Ashenzari.
Ashenzari was noncommittal.
You visited 2 branches of the dungeon, and saw 9 of its levels.

You collected 475 gold pieces.


Innate Abilities, Weirdness & Mutations

You are immune to sickness and miasma.
You are immune to poison.
Your flesh is very heat resistant. (rF++)
You are vulnerable to cold. (rC-)
You float through the air rather than walking.
You learn spells naturally, not from books.
Your magical power is your life essence.
You have superior vitality. (+4 MHP)


   Skills:
 - Level 2.1 Dodging
 - Level 1.5 Stealth
 + Level 10.7(11.1) Spellcasting


You had 8 spell levels left.
You knew the following spells:

 Your Spells              Type           Power      Damage    Failure   Level
a - Searing Ray           Conj           100%       2d8       1%          2
b - Scorch                Fire           100%       2d10      1%          2
c - Kindle Blastsparks    Fire/Tloc/Air  100%       2d18      1%          3
d - Flame Wave            Conj/Fire      66%        2d15      1%          4
e - Inner Flame           Hex/Fire       66%        N/A       1%          3
f - Teleport Other        Tloc           66%        N/A       1%          3
g - Shock                 Conj/Air       100%       1d9       1%          1
h - Foxfire               Conj/Fire      100%       2x1d9     1%          1
i - Leda's Liquefaction   Hex/Erth       33%        N/A       1%          4
Your spell library was empty.

Inventory:

Hand Weapons
 u - the +7 spear "Ditile" (weapon) {drain, rC++}
   (You took it off a kobold brigand on level 7 of the Dungeon)

   A truly terrible weapon, it drains the life of any living foe it strikes.
   rC:        It greatly protects you from cold.
Armour
 a - a +0 robe (worn)
 h - the +4 ring mail of the Ten Dancing Mice {Rampage Str+6 Int-4 Dex-2}
   (You found it on level 2 of the Dungeon)

   Str:       It affects your strength (+6).
   Int:       It affects your intelligence (-4).
   Dex:       It affects your dexterity (-2).
   Rampage:   It bestows one free step when moving towards enemies.
 t - a +0 leather armour of positive energy
   (You found it on level 4 of the Dungeon)
 x - a +1 pair of gloves (worn)
   (You found it on level 5 of the Dungeon)
Jewellery
 d - the cursed ring of the Tethered Sybil (left hand) {Int+6, Evo, Self}
   (You found it on level 4 of the Dungeon)

   [ring of intelligence]

   Int:       It affects your intelligence (+6).
   It has a curse which improves the following skills: Evocations: Evocations.
   Introspection: Fighting and Spellcasting.
 y - an amulet of regeneration (around neck)
   (You found it on level 7 of the Dungeon)
Wands
 r - a wand of polymorph (8)
   (You found it on level 4 of the Dungeon)
 v - a wand of paralysis (8)
   (You found it on level 5 of the Dungeon)
Scrolls
 g - 2 scrolls of vulnerability
 i - 3 scrolls of blinking
 k - a scroll of enchant weapon
 s - 4 scrolls of magic mapping
 w - 3 scrolls of identify
 z - a scroll of teleportation
Potions
 b - a potion of degeneration {unknown}
 c - a potion of heal wounds {unknown}
 e - a potion of invisibility {unknown}
 f - 4 potions of brilliance
 j - a potion of might
 l - 4 potions of lignification
 m - 3 potions of flight {unknown}
 n - 3 potions of curing
 o - a potion of mutation {unknown}
 p - a potion of resistance {unknown}
 q - a potion of berserk rage {unknown}
 A - a potion of magic {unknown}

Dungeon Overview and Level Annotations

Branches:
Dungeon (8/15) Zot: 26804  Temple (1/1) D:5 Zot: 5791
   Lair: D:8-11

Altars:
Ashenzari
Cheibriados
Dithmenos
Elyvilon
Fedhas
Gozag
Hepliaklqana
Makhleb
Nemelex Xobeh
Okawaru
Qazlal
Ru
Trog
Uskayaw
Wu Jian
Xom
Yredelemnul
Zin
The Shining One

Shops:
D:1 ( D:3

?
#....~~≈..≈...~o~≈....
#...~~≈S≈~..≈≈≈≈≈~~≈~.
#..?.≈h~≈≈~~~~S~o≈≈~..
....S..~~~.~~..~≈~...
...~. ..~..........
... .. ~..........
#.##.# #......##
#....# ####o##..>.
#.#### #.@)†.......
#†# #†##.####### #h#
#.##.# #)# #.##>#
#.######.##.# #
#...†....##.# #.
####.######.#
####.####........#.#
..........#.####.#.#


You could see an orc warrior (fast, struggling).


Message History

Unknown command.
Casting: Flame Wave (safe; 1% risk of failure)
Confirm with . or Enter, or press ? or * to list all spells.
Casting: Flame Wave (safe; 1% risk of failure)
Press: ? - help, Dir - look around, f - activate A wave of flame ripples out!
The flame wave engulfs the hound!
The flame wave engulfs the hound!!
You kill the hound! (Press . to intensify the flame waves.)
* * * LOW HITPOINT WARNING * * *
The hound misses you. 😨 HP[-3]
You take 3 damage, and now have 29/60 hp.
A wave of flame ripples out!
The flame wave engulfs the hound!
You kill the hound!
* * * LOW HITPOINT WARNING * * *
😨 HP[+1]
A wave of flame ripples out!
You feel a bit more experienced.
* * * LOW HITPOINT WARNING * * *
You finish channelling waves of flame.
You hear a bark!
Unknown command.
You start resting.
An orc wizard is nearby! 😮 HP[+10]
You regained 10 hp, and now have 40/60 hp.
Unknown command.
An orc wizard is nearby!
Unknown command.
You are too injured to fight recklessly! 😮 HP[+1]
Casting: Flame Wave (safe; 1% risk of failure)
Confirm with . or Enter, or press ? or * to list all spells.
Casting: Flame Wave (safe; 1% risk of failure)
Press: ? - help, Dir - look around, f - activate A wave of flame ripples out!
The flame wave engulfs the orc wizard!!
You kill the orc wizard! (Press . to intensify the flame waves.)
You hear a bark!
An orc warrior comes into view. It is wielding a +0 trident. 😮 HP[-3]
You take 3 damage, and now have 38/60 hp.
A wave of flame ripples out!
A wave of flame ripples out!
You finish channelling waves of flame.
You hear a shout!
Unknown command.
Casting: Flame Wave (safe; 1% risk of failure)
Confirm with . or Enter, or press ? or * to list all spells.
Okay, then.
Casting: Flame Wave (safe; 1% risk of failure)
Confirm with . or Enter, or press ? or * to list all spells.
Okay, then.
Unknown command.
Unknown command.
Casting: Flame Wave (safe; 1% risk of failure)
Confirm with . or Enter, or press ? or * to list all spells.
The ground around you becomes liquefied!
Unknown command. 😮 HP[-3]
You take 3 damage, and now have 35/60 hp.
The orc warrior drinks a potion.
The orc warrior seems to speed up. 😮 HP[+1] 😮 HP[+1] 😮 HP[+1] 😮 HP[+1]
Casting: Leda's Liquefaction (safe; 1% risk of failure)
Confirm with . or Enter, or press ? or * to list all spells.
Casting: Flame Wave (safe; 1% risk of failure)
Press: ? - help, Dir - look around, f - activate A wave of flame ripples out! (Press . to intensify the flame waves.)
The orc warrior becomes momentarily stuck in the liquid earth. 😮 HP[-2]
You take 2 damage, and now have 37/60 hp.
A wave of flame ripples out!
The flame wave engulfs the orc warrior.
The orc warrior closely misses you.
The orc warrior becomes momentarily stuck in the liquid earth.
A wave of flame ripples out!
The flame wave engulfs the orc warrior.
You finish channelling waves of flame.
The orc warrior hits you from afar with a +0 trident!
* * * LOW HITPOINT WARNING * * *
😨 HP[-13]
You take 13 damage, and now have 24/60 hp.
MASSIVE DAMAGE!! (PAUSE)
Casting: Flame Wave (safe; 1% risk of failure)
Confirm with . or Enter, or press ? or * to list all spells.
Casting: Flame Wave (safe; 1% risk of failure)
Press: ? - help, Dir - look around, f - activate A wave of flame ripples out! (Press . to intensify the flame waves.)
* * * LOW HITPOINT WARNING * * *
The orc warrior hits you from afar with a +0 trident.
* * * LOW HITPOINT WARNING * * *
The orc warrior hits you from afar with a +0 trident!
* * * LOW HITPOINT WARNING * * *
A wave of flame ripples out!
The flame wave engulfs the orc warrior!
* * * LOW HITPOINT WARNING * * *
The orc warrior hits you from afar with a +0 trident!
You die...

Skill      XL: |  1  2  3  4  5  6  7  8  9 |
---------------+----------------------------+-----
Spellcasting   | 3 4 5 7 8 10 | 10.7
Dodging        | |  2.1
Stealth        | |  1.5

Action                   |  1- 3 |  4- 6 |  7- 9 | 10-12 || total
-------------------------+-------+-------+-------+-------++-------
Melee: Unarmed           |     3 |     2 |       |       ||     5
       Spear             |       |       |     4 |       ||     4
 Cast: Foxfire           |   101 |    11 |       |       ||   112
       Scorch            |     1 |     4 |       |       ||     5
       Shock             |       |    88 |    35 |       ||   123
       Flame Wave        |       |     1 |    29 |     5 ||    35
       Searing Ray       |       |     1 |     4 |       ||     5
       Kindle Blastspark |       |     3 |    29 |       ||    32
       Teleport Other    |       |       |     2 |       ||     2
       Inner Flame       |       |       |     1 |       ||     1
       Leda's Liquefacti |       |       |       |     1 ||     1
Invok: Curse Item        |       |       |     1 |       ||     1
  Use: Scroll            |     1 |     7 |     7 |       ||    15
Armor: Robe              |     4 |     3 |    15 |       ||    22
Dodge: Dodged            |    14 |     9 |    35 |     3 ||    61

Levels and vault maps discovered:
D:1:      tarquinn_simple_flora_water_f, layout_basic, serial_shops,
          nicolae_shop_window_shopping
D:2:      layout_basic, shapermc_ecumenical_altar_mp_urbaneastern,
          dreamdust_wishing_well, st_stairs_10, eino_tiny_chamber
D:3:      layout_rooms, amcnicky_altar_gilded, serial_shops, shop
D:4:      layout_loops_ring, minmay_pentomino_pile
D:5:      layout_cave_pools, minmay_temple_entry_drinking_statues,
          minmay_mini_ossuary, uniq_blork_the_orc
D:6:      layout_loops_corners, nicolae_overflow_hallway_of_the_gods,
          uniq_pikel, uniq_eustachio
D:7:      layout_loops_ring, uniq_duvessa
D:8:      layout_loops_ring, erik_lair_island, grunt_ministairs_11,
          minmay_ruffians
Temple:   jpeg_temple_alley_garden

Notes
Turn   | Place    | Note
-------+----------+-------------------------------------------
     0 | D:1      | ytrimaz the Djinni Fire Elementalist began the quest for
                  | the Orb.
     0 | D:1      | ytrimaz set off with the following spells memorised:
                  | Foxfire, Scorch, Kindle Blastsparks, Inner Flame, Flame
                  | Wave.
     0 | D:1      | Reached XP level 1. HP: 15/15 MP: 0/0
     0 | D:1      | magus.rc [v1.9.6]
   300 | D:1      | Reached XP level 2. HP: 19/21 MP: 0/0
   449 | D:1      | Found Antioco's Antique Weapon Shop.
   709 | D:2      | Reached skill level 3 in Spellcasting
   929 | D:2      | Reached XP level 3. HP: 21/25 MP: 0/0
   929 | D:2      | Learned a level 1 spell: Shock
  1104 | D:2      | Found a faded altar of an unknown god.
  1284 | D:2      | Identified the +4 ring mail of the Ten Dancing Mice
                  | {Rampage Str+6 Int-4 Dex-2}
  1477 | D:2      | Reached XP level 4. HP: 31/31 MP: 0/0
  2052 | D:3      | Reached skill level 4 in Spellcasting
  2102 | D:3      | Found a broken altar of Ashenzari.
  2130 | D:3      | Became a worshipper of Ashenzari the Shackled
  2285 | D:3      | Found Betican's Magic Scroll Emporium.
  2389 | D:3      | Reached XP level 5. HP: 35/35 MP: 0/0
  2389 | D:3      | Learned a level 2 spell: Searing Ray
  2617 | D:4      | Noticed a phantom
  2624 | D:4      | Killed a phantom
  2747 | D:4      | Reached skill level 5 in Spellcasting
  2747 | D:4      | Reached XP level 6. HP: 34/40 MP: 0/0
  2794 | D:4      | Noticed an ogre
  2798 | D:4      | HP: 6/40 [shot self (7)]
  3221 | D:4      | Killed an ogre
  3570 | D:5      | Entered Level 5 of the Dungeon
  3577 | D:5      | Reached XP level 7. HP: 44/45 MP: 0/0
  3577 | D:5      | Learned a level 3 spell: Teleport Other
  3805 | D:5      | Noticed Blork the orc
  3813 | D:5      | Killed Blork the orc
  3814 | D:5      | Reached skill level 6 in Spellcasting
  3966 | D:5      | Identified the +4 spear of Calamity {vorpal, +Blink rElec}
  4006 | D:5      | Found a staircase to the Ecumenical Temple.
  4811 | D:6      | Noticed Eustachio
  4815 | D:6      | Identified the +10 short sword of the Lair of Beasts {holy,
                  | Dex+3}
  4817 | D:6      | Killed Eustachio
  4818 | D:6      | Reached skill level 7 in Spellcasting
  4818 | D:6      | Reached XP level 8. HP: 30/50 MP: 0/0
  4975 | D:6      | Noticed Pikel
  4982 | D:6      | Killed Pikel
  4983 | D:6      | Reached skill level 8 in Spellcasting
  5249 | D:6      | HP: 10/50 [ice beast (12)]
  5251 | D:6      | Reached XP level 9. HP: 7/55 MP: 0/0
  5251 | D:6      | Learned a level 4 spell: Leda's Liquefaction
  5488 | D:6      | Found a snail-covered altar of Cheibriados.
  5488 | D:6      | Found a sacrificial altar of Ru.
  5488 | D:6      | Found a hazy altar of Hepliaklqana.
  5628 | D:6      | Found a sparkling altar of Nemelex Xobeh.
  5629 | D:6      | Found a shadowy altar of Dithmenos.
  5631 | D:6      | Found an iron altar of Okawaru.
  5632 | D:6      | Found a burning altar of Makhleb.
  5634 | D:6      | Found a stormy altar of Qazlal.
  5638 | D:6      | Found a blossoming altar of Fedhas.
  5639 | D:6      | Found a bloodstained altar of Trog.
  5659 | D:6      | Reached skill level 9 in Spellcasting
  6117 | Temple   | Entered the Ecumenical Temple
  6624 | D:7      | Identified the +7 spear "Ditile" {drain, rC++}
  6736 | D:7      | Noticed Duvessa
  6737 | D:7      | Noticed Dowan
  6740 | D:7      | Killed Duvessa
  6753 | D:7      | Killed Dowan
  7334 | D:8      | Noticed a hornet
  7339 | D:8      | Killed a hornet
  7340 | D:8      | Reached skill level 10 in Spellcasting
  7471 | D:8      | Noticed a troll
  7478 | D:8      | Killed a troll
  7479 | D:8      | Reached XP level 10. HP: 47/60 MP: 0/0
  7527 | D:8      | HP: 7/60 [orc warrior/+0 trident (11)]
  7528 | D:8      | Mangled by an orc warrior

Vanquished Creatures
  Pikel (D:6)
  A troll (D:8)
  A hornet (D:8)
  Eustachio (D:6)
  Duvessa (D:7)
  An ice beast (D:6)
  2 sky beasts
  An ogre (D:4)
  A centaur (D:8)
  A phantom (D:4)
  2 kobold brigands
  Blork the orc (D:5)
  2 necrophages
  A bullfrog (D:7)
  A gnoll sergeant (D:7)
  2 scorpions
  Dowan (D:7)
  An orc priest (D:7)
  9 hounds
  2 jellies
  2 gnoll boudas (D:6)
  An iguana (D:6)
  3 orc wizards
  A mummy (D:5)
  10 gnolls
  4 adders
  A white imp (D:5)
  2 ufetubi
  5 worms
  2 dart slugs
  19 orcs
  6 endoplasms
  A giant cockroach (D:2)
  11 goblins
  9 hobgoblins
  6 jackals (D:3)
  13 kobolds
  2 quokkas
  6 ball pythons
  7 bats
  6 frilled lizards
  4 kobold zombies (D:5)
  2 rats (D:3)
156 creatures vanquished.

Vanquished Creatures (others)
  158 foxfires
158 creatures vanquished.

Grand Total: 314 creatures vanquished

Table legend:
 A = Non-vault XP
 B = Vault XP
 C = Vault XP percentage of total XP
 D = Non-vault monster count
 E = Vault monster count
 F = Vault count percentage of total count
                 A         B        C        D         E       F
            +---------+---------+-------+---------+---------+-------
      Total |    2444 |    1940 |  44.3 |     129 |      27 |  17.3
            +---------+---------+-------+---------+---------+-------
        D:1 |      12 |       0 |   0.0 |       7 |       0 |   0.0
        D:2 |      77 |       3 |   3.8 |      26 |       2 |   7.1
        D:3 |      50 |       0 |   0.0 |      24 |       0 |   0.0
        D:4 |     250 |     125 |  33.3 |      13 |       7 |  35.0
        D:5 |     193 |     116 |  37.5 |       9 |       6 |  40.0
        D:6 |     775 |     860 |  52.6 |      24 |       2 |   7.7
        D:7 |     631 |     219 |  25.8 |      19 |       2 |   9.5
        D:8 |     456 |     617 |  57.5 |       7 |       8 |  53.3
            +---------+---------+-------+---------+---------+-------

Illustrated notes

Table legend:
 A = Kills in this place as a percentage of kills in entire the game.
 B = Kills by you in this place as a percentage of kills by you in the entire game.
 C = Kills by friends in this place as a percentage of kills by friends in the entire game.
 D = Other kills in this place as a percentage of other kills in the entire game.
 E = Experience gained in this place as a percentage of experience gained in the entire game.
 F = Experience gained in this place divided by the number of levels of this place that you have seen.
                   A       B       C       D       E      F
               +-------+-------+-------+-------+-------+----------------------
         Total | 100.0 | 100.0 |   N/A |   N/A | 100.0 | 487.1
       Dungeon | 100.0 | 100.0 |   N/A |   N/A | 100.0 | 548.0
               +-------+-------+-------+-------+-------+----------------------

Table legend: (Time is in decaauts)
 A = Elapsed time spent in this place.
 B = Non-inter-level travel time spent in this place.
 C = Inter-level travel time spent in this place.
 D = Time resting spent in this place.
 E = Time spent auto-exploring this place.
 F = Levels seen in this place.
 G = Mean time per level.
                   A        B        C        D        E       F      G
               +--------+--------+--------+--------+--------+-----+--------+
         Total |   7527 |   7248 |    279 |    135 |   6071 |   9 |  836.3 |
       Dungeon |   7319 |   7047 |    272 |    135 |   5875 |   8 |  914.9 |
        Temple |    208 |    201 |      7 |      0 |    196 |   1 |  208.0 |
               +--------+--------+--------+--------+--------+-----+--------+

Top non-repeatable levels by time:
     D:6: 1561 daAuts
     D:2: 1273 daAuts
     D:5: 1037 daAuts
     D:7: 956 daAuts
     D:4: 905 daAuts
     D:3: 729 daAuts
     D:1: 661 daAuts
  Temple: 208 daAuts
     D:8: 194 daAuts
